 Dungeon Crawl Stone Soup version 0.27-a0-637-g3a9f0a9c12 (webtiles) character file.

Game seed: 9997670439095472956

52 Allula97 the Shield-Bearer (level 3, -1/18 (20) HPs)
             Began as a Vine Stalker Fighter on Mar 14, 2021.
             Slain by a gnoll
             ... wielding a +2 whip of draining
              (5 damage)
             ... on level 2 of the Dungeon.
             The game lasted 00:02:01 (1200 turns).

Allula97 the Shield-Bearer (Vine Stalker Fighter)   Turns: 1200, Time: 00:02:03

HP:   -1/18 (20)    AC:  6    Str: 19    XL:     3   Next: 85%
MP:   0/4           EV:  7    Int:  8    God:
Gold: 51            SH:  9    Dex: 13    Spells: 2/2 levels left

rFire    . . .     SeeInvis .   a - +0 long sword
rCold    . . .     Faith    .   c - +0 kite shield
rNeg     . . .     Spirit   +   b - +0 scale mail
rPois    .         Reflect  .   (no helmet)
rElec    .         Harm     .   (no cloak)
rCorr    .         Rampage  .   (no gloves)
Will     .....                  (no boots)
Stlth    ..........             (no amulet)
HPRegen  0.06/turn              (no ring)
MPRegen  0.09/turn              (no ring)

@: heavily drained
A: fangs 2, magic shield, antimagic bite, no potion heal 3
a: no special abilities


You were on level 2 of the Dungeon.
You visited 1 branch of the dungeon, and saw 2 of its levels.

You collected 51 gold pieces.

Inventory:

Hand Weapons
 a - a +0 long sword (weapon)
Armour
 b - a +0 scale mail (worn)
 c - a +0 kite shield (worn)
Scrolls
 e - a scroll of teleportation {unknown}
Potions
 d - a potion of might
 f - 2 potions of curing {unknown}


   Skills:
 * Level 3.0 Fighting
 * Level 2.2 Long Blades
 * Level 2.9 Armour
 * Level 0.5 Dodging
 * Level 3.1 Shields


You had 2 spell levels left.
You didn't know any spells.
Your spell library was empty.

Dungeon Overview and Level Annotations

Branches:
Dungeon (2/15)

Altars:

Annotations:
D:1 DIG


Innate Abilities, Weirdness & Mutations

You have extremely sharp teeth.
When hurt, damage is shared between your health and your magic reserves.
Your bite disrupts and absorbs the magic of your enemies.
Potions cannot restore your health.


Message History

The gnoll is moderately wounded.
You block the gnoll's attack.
You closely miss the gnoll.
The gnoll is moderately wounded.
The gnoll closely misses you.
You barely miss the gnoll. Your bite misses the gnoll.
The gnoll is moderately wounded.
You block the gnoll's attack. The gnoll hits you but does no damage.
You hit the gnoll but do no damage. Your bite misses the gnoll.
The gnoll is moderately wounded.
You block the gnoll's attack.
You closely miss the gnoll. You bite the gnoll. You drain its power.
The gnoll is heavily wounded.
You block the gnoll's attack. x2
You hit the gnoll. You bite the gnoll, but do no damage.
The gnoll is severely wounded.
You block the gnoll's attack.
You hit the gnoll.
The gnoll is almost dead.
You block the gnoll's attack. The gnoll hits you but does no damage.
You hit the gnoll.
You kill the gnoll!
You block the gnoll's attack.
You hit the gnoll but do no damage. Your bite misses the gnoll.
The gnoll barely misses you. The gnoll hits you with a +0 whip.
You barely miss the gnoll. The gnoll hits you with a +0 whip.
You slash the gnoll! You bite the gnoll, but do no damage.
The gnoll is heavily wounded.
The gnoll barely misses you. The gnoll closely misses you.
You riposte.
Your scale mail prevents you from hitting the gnoll.
The gnoll is heavily wounded.
You slash the gnoll!
You kill the gnoll!
You barely miss the gnoll.
The gnoll hits you with a +2 whip of draining.
You feel drained. You block the gnoll's attack.
The gnoll hits you with a +2 whip of draining!
* * * LOW HITPOINT WARNING * * *
You feel drained.
You die...

#.# #.# #.# #.#
#.# #g# #g#
#@################
#..........(......
##################


You could see 2 gnolls.

Vanquished Creatures
  2 gnolls (D:2)
  An adder (D:2)
  2 dart slugs (D:1)
  2 leopard geckos
  2 giant cockroaches (D:1)
  A goblin (D:1)
  2 hobgoblins (D:1)
  4 kobolds (D:1)
  2 bats (D:1)
  A rat (D:1)
19 creatures vanquished.

Notes
Turn   | Place    | Note
-------+----------+-------------------------------------------
     0 | D:1      | Allula97 the Vine Stalker Fighter began the quest for the
                  | Orb.
     0 | D:1      | Reached XP level 1. HP: 11/11 MP: 2/2
    56 | D:1      | Reached XP level 2. HP: 14/16 MP: 3/3
   849 | D:2      | Reached XP level 3. HP: 4/19 MP: 2/4
  1200 | D:2      | Slain by a gnoll

Illustrated notes

Levels and vault maps discovered:
D:1:      shiori_arrival_elements, layout_basic
D:2:      layout_basic, gammafunk_temple_overflow_statue,
          chequers_ecumenical_altar_simple_redux, trog_book

Skill      XL: |  1  2  3 |
---------------+----------+-----
Long Blades    | 2 |  2.2
Shields        | 3 |  3.1
Fighting       | 3 |  3.0
Armour         | |  2.9
Dodging        | |  0.5

Action                   || total
-------------------------++-------
Melee: Long sword        ||    66
       Bite              ||    23
Armor: Scale mail        ||    26
Dodge: Dodged            ||    18
Block: Kite shield       ||    41
       Rpst.: Long sword ||     6

Table legend: (Time is in decaauts)
 A = Elapsed time spent in this place.
 B = Non-inter-level travel time spent in this place.
 C = Inter-level travel time spent in this place.
 D = Time resting spent in this place.
 E = Time spent auto-exploring this place.
 F = Levels seen in this place.
 G = Mean time per level.
                   A        B        C        D        E       F      G
               +--------+--------+--------+--------+--------+-----+--------+
         Total |   1235 |   1180 |     55 |    269 |    700 |   2 |  617.5 |
       Dungeon |   1235 |   1180 |     55 |    269 |    700 |   2 |  617.5 |
               +--------+--------+--------+--------+--------+-----+--------+

Top non-repeatable levels by time:
     D:1: 816 daAuts
     D:2: 418 daAuts
